Flames vs Predators

Created - Monday, October 13, 2014 at 02:22

Goals
1 2 3 T
Flames 1 0 0 1
Predators 2 1 1 4
Shots
1 2 3 T
Flames 14 10 5 29
Predators 4 13 10 27

1st period

1. Predators , Corey Perry 2 (Trevor Daley) at 0:38
2. Flames , Jason Pominville 2 (Jason Spezza, Alex Tanguay) at 12:47 (PP)
3. Predators , Patrice Bergeron 1 (Corey Perry) at 19:12

Penalties :
Patrick Maroon (Nsh) for Hooking (Minor) at 3:02, Jacob Trouba (Cal) for High sticking (Minor) at 4:58, Trevor Daley (Nsh) for Unsportsmanlike conduct (Major / Game Misconduct) at 9:27, Antoine Vermette (Nsh) for Holding (Minor) at 12:34

2nd period

4. Predators , Antoine Vermette 2 (Valtteri Filppula, Ed Jovanovski) at 15:26

Penalties :
No Penalty

3rd period

5. Predators , Antoine Vermette 3 (Corey Perry, Valtteri Filppula) at 10:45 (PP)

Penalties :
Andy Greene (Nsh) for Goalie Interference (Minor) at 5:34, Charlie Coyle (Cal) for Holding Stick (Minor) at 9:04, Jamie McGinn (Cal) for Goalie Interference (Minor) at 14:55, Charlie Coyle (Cal) for Roughing (Minor) at 19:43

Goalie Stats

Mike Smith (Cal), 23 saves from 27 shots - (0.852), L, 1-2-1, 60:00 minutes
Kari Lehtonen (Nsh), 28 saves from 29 shots - (0.966), W, 2-0-0, 60:00 minutes

Players Stats for Flames

Player Name              G  A  P  +/- PIM S  H  SB GA TA FO     MP     PP MP  PK MP  
------------------------------------------------------------------------------------
Alex Tanguay             0  1  1  -1  0   2  1  0  1  0  0/1    18:48   4:53   0:37 
Andrew Cogliano          0  0  0   0  0   3  0  0  3  0  0/0    15:51   4:01   0:00 
Casey Cizikas            0  0  0   0  0   1  0  0  2  2  2/3     8:39   0:00   0:00 
Charlie Coyle            0  0  0   0  4   0  2  0  0  0  0/0     8:37   0:00   0:00 
Dougie Hamilton          0  0  0  -1  0   0  2  3  0  2  0/0    24:46   4:38   0:00 
Jacob Trouba             0  0  0  -1  2   1  1  1  0  0  0/0     3:12   0:51   0:00 
Jamie McGinn             0  0  0  -2  2   1  0  0  1  1  0/2    14:11   0:00   1:44 
Jason Pominville         1  0  1  -1  0   6  0  0  5  0  1/4    17:06   4:53   0:00 
Jason Spezza             0  1  1  -1  0   5  1  1  2  0  8/16   17:06   4:53   0:00 
Jordan Staal             0  0  0   0  0   2  0  1  0  0  5/13   17:22   4:01   1:28 
Justin Faulk             0  0  0  -1  0   1  3  3  0  2  0/0    27:30   4:16   3:21 
Luca Sbisa               0  0  0  -1  0   0  1  0  0  0  0/0    15:42   0:00   2:31 
Manny Malhotra           0  0  0   0  0   1  0  0  0  0  2/4    11:10   0:00   2:31 
Matt Irwin               0  0  0  -1  0   0  2  0  0  0  0/0    25:18   3:46   2:31 
Michael Frolik           0  0  0  -2  0   0  1  0  5  2  0/0    13:15   0:00   2:31 
Mikael Backlund          0  0  0  -2  0   1  0  0  0  0  3/8    15:21   0:00   2:53 
TJ Brodie                0  0  0  -1  0   3  1  0  0  2  0/0    24:11   4:16   3:21 
Tomas Fleischmann        0  0  0   0  0   2  1  0  0  0  0/0    15:51   4:01   0:00 

Players Stats for Predators

Player Name              G  A  P  +/- PIM S  H  SB GA TA FO     MP     PP MP  PK MP  
------------------------------------------------------------------------------------
Andy Greene              0  0  0   1  2   1  2  2  0  3  0/0    28:22   2:46   3:54 
Antoine Vermette         2  0  2   1  2   6  1  1  1  0  9/14   20:46   2:38   4:01 
Ben Smith                0  0  0   0  0   0  0  0  0  1  0/0     9:11   0:00   0:00 
Brian Lashoff            0  0  0   0  0   2  0  1  0  2  0/0    18:06   1:18   2:54 
Cody Eakin               0  0  0   0  0   5  1  1  2  0  0/2    18:09   0:00   4:52 
Corey Perry              1  2  3   2  0   3  2  0  2  0  0/0    13:54   3:18   0:00 
Damien Brunner           0  0  0   1  0   0  1  0  1  0  0/0    15:18   2:34   0:00 
Ed Jovanovski            0  1  1   1  0   1  2  0  1  0  0/0    20:54   3:02   0:45 
Eric Fehr                0  0  0   0  0   1  0  0  0  2  1/1    13:17   0:00   0:00 
Evander Kane             0  0  0   2  0   0  0  0  2  1  0/1    16:01   2:34   4:02 
Nick Schultz             0  0  0   1  0   0  1  1  0  1  0/0    16:27   0:25   4:52 
Patrice Bergeron         1  0  1   2  0   1  1  1  2  0  16/19  20:19   3:14   0:00 
Patrick Maroon           0  0  0   0  2   2  3  0  0  0  0/1     9:50   0:40   0:00 
Roman Josi               0  0  0   2  0   1  2  3  1  1  0/0    27:28   2:57   4:15 
Tomas Plekanec           0  0  0   0  0   1  1  0  2  1  4/13   17:56   0:00   4:39 
Trevor Daley             0  1  1   1  15  1  0  0  0  1  0/0     4:52   1:16   1:08 
Valtteri Filppula        0  2  2   1  0   2  1  0  5  0  0/0    15:55   2:38   0:00 
Victor Bartley           0  0  0   0  0   0  0  0  1  0  0/0     3:56   0:00   0:00 

3 Stars

1 - Corey Perry (Nsh)
2 - Antoine Vermette (Nsh)
3 - Kari Lehtonen (Nsh)

Power Play

Flames - 1 on 4 Attempt(s) - 25.00%
Predators - 1 on 4 Attempt(s) - 25.00%

Penalty Kill

Flames - 3 on 4 Attempt(s) - 75.00% - Score 0 goal in Penalty Kill
Predators - 3 on 4 Attempt(s) - 75.00% - Score 0 goal in Penalty Kill

Official

Referees : Unknown
Linesman : Unknown

Game Notes

Jacob Trouba is injured at 8:24 of 1st period (Sprained Left Finger)
Trevor Daley ejected from game at 9:27 of 1st period

Finance

Level 1 -- Attendance: 5179 (86.32%) -- Ticket Income $455,752
Level 2 -- Attendance: 4407 (88.14%) -- Ticket Income $233,571
Level 3 -- Attendance: 1813 (90.65%) -- Ticket Income $56,203
Level 4 -- Attendance: 3729 (93.23%) -- Ticket Income $70,851
Luxury Box -- Attendance: 892 (89.20%) -- Ticket Income $160,560
Game was played at the Gaylord Entertainment Center
Total Attendance: 16020 (89.00%)
Total Ticket Income: $976,937
Other Income: $478,699
Total Income: $1,455,636

Flames

5 vs 5 Forward 
   Center                   Left Wing                Right Wing               Time % Phy DF OF 
 1 Jason Spezza             Alex Tanguay             Jason Pominville         32     0   1  4  
 2 Jordan Staal             Andrew Cogliano          Tomas Fleischmann        28     0   2  3  
 3 Mikael Backlund          Michael Frolik           Jamie McGinn             24     1   2  2  
 4 Casey Cizikas            Manny Malhotra           Charlie Coyle            16     1   2  2  

5 vs 5 Defense 
   Defense                  Defense                                           Time % Phy DF OF 
 1 Justin Faulk             Jacob Trouba                                      34     1   2  2  
 2 TJ Brodie                Dougie Hamilton                                   30     0   2  3  
 3 Matt Irwin               Luca Sbisa                                        26     1   4  0  
 4 Justin Faulk             TJ Brodie                                         10     1   2  2  

PowerPlay Forward 
   Center                   Left Wing                Right Wing               Time % Phy DF OF 
 1 Jason Spezza             Alex Tanguay             Jason Pominville         55     0   0  5  
 2 Jordan Staal             Andrew Cogliano          Tomas Fleischmann        45     0   0  5  

PowerPlay Defense
   Defense                  Defense                                           Time % Phy DF OF 
 1 Justin Faulk             TJ Brodie                                         50     0   0  5  
 2 Dougie Hamilton          Jacob Trouba                                      50     0   0  5  

Penalty Kill 4 Players Forward 
   Center                   Wing                     Time % Phy DF OF 
 1 Manny Malhotra           Michael Frolik           50     0   5  0  
 2 Mikael Backlund          Jamie McGinn             50     0   5  0  

Penalty Kill 4 Players Defense
   Defense                  Defense                  Time % Phy DF OF 
 1 Justin Faulk             TJ Brodie                50     1   4  0  
 2 Jacob Trouba             Matt Irwin               50     1   4  0  

Penalty Kill - 3 Players Forward 
   Forward                                           Time % Phy DF OF 
 1 Manny Malhotra                                    55     0   5  0  
 2 Mikael Backlund                                   45     0   5  0  

Penalty Kill - 3 Players Defense
   Defense                  Defense                  Time % Phy DF OF 
 1 Justin Faulk             TJ Brodie                50     0   5  0  
 2 Jacob Trouba             Luca Sbisa               50     1   4  0  

4 vs 4 Forward 
   Center                   Wing                     Time % Phy DF OF 
 1 Jason Spezza             Jason Pominville         50     0   2  3  
 2 Jordan Staal             Alex Tanguay             50     1   2  2  

4 vs 4 Defense
   Defense                  Defense                  Time % Phy DF OF 
 1 TJ Brodie                Justin Faulk             50     1   2  2  
 2 Jacob Trouba             Dougie Hamilton          50     1   2  2  

Last Minutes Offensive
   Center                   Left Wing                Right Wing               Defense                  Defense                  
   Jason Spezza             Alex Tanguay             Jason Pominville         TJ Brodie                Dougie Hamilton          

Last Minutes Defensive
   Center                   Left Wing                Right Wing               Defense                  Defense                  
   Jordan Staal             Andrew Cogliano          Michael Frolik           Justin Faulk             Jacob Trouba             

Goaltenders
Starting : Mike Smith               
Backup : Michael Hutchinson       

Extra Forwards
Normal : Mikael Backlund, Andrew Cogliano, Jason Spezza - PP : Mikael Backlund, Alex Tanguay - PK : Jordan Staal
Extra Defensemen
Normal : Dougie Hamilton, Matt Irwin, Jacob Trouba - PP : Dougie Hamilton - PK : Matt Irwin, Luca Sbisa
Penalty Shots
Jason Spezza, Alex Tanguay, Jason Pominville, Andrew Cogliano, Jordan Staal

Predators

5 vs 5 Forward 
   Center                   Left Wing                Right Wing               Time % Phy DF OF 
 1 Patrice Bergeron         Evander Kane             Corey Perry              29     0   2  3  
 2 Tomas Plekanec           Cody Eakin               Eric Fehr                29     1   3  1  
 3 Antoine Vermette         Valtteri Filppula        Damien Brunner           29     1   1  3  
 4 Patrice Bergeron         Patrick Maroon           Ben Smith                13     1   2  2  

5 vs 5 Defense 
   Defense                  Defense                                           Time % Phy DF OF 
 1 Roman Josi               Trevor Daley                                      33     1   2  2  
 2 Nick Schultz             Andy Greene                                       33     1   2  2  
 3 Brian Lashoff            Ed Jovanovski                                     24     1   3  1  
 4 Victor Bartley           Andy Greene                                       10     1   3  1  

PowerPlay Forward 
   Center                   Left Wing                Right Wing               Time % Phy DF OF 
 1 Antoine Vermette         Valtteri Filppula        Corey Perry              60     0   0  5  
 2 Patrice Bergeron         Evander Kane             Damien Brunner           40     1   1  3  

PowerPlay Defense
   Defense                  Defense                                           Time % Phy DF OF 
 1 Roman Josi               Andy Greene                                       65     0   1  4  
 2 Ed Jovanovski            Trevor Daley                                      35     1   1  3  

Penalty Kill 4 Players Forward 
   Center                   Wing                     Time % Phy DF OF 
 1 Antoine Vermette         Evander Kane             50     1   3  1  
 2 Tomas Plekanec           Cody Eakin               50     1   4  0  

Penalty Kill 4 Players Defense
   Defense                  Defense                  Time % Phy DF OF 
 1 Roman Josi               Trevor Daley             50     1   4  0  
 2 Nick Schultz             Andy Greene              50     1   4  0  

Penalty Kill - 3 Players Forward 
   Forward                                           Time % Phy DF OF 
 1 Tomas Plekanec                                    50     0   5  0  
 2 Antoine Vermette                                  50     0   5  0  

Penalty Kill - 3 Players Defense
   Defense                  Defense                  Time % Phy DF OF 
 1 Roman Josi               Nick Schultz             50     1   4  0  
 2 Brian Lashoff            Andy Greene              50     1   4  0  

4 vs 4 Forward 
   Center                   Wing                     Time % Phy DF OF 
 1 Patrice Bergeron         Corey Perry              50     0   2  3  
 2 Antoine Vermette         Evander Kane             50     2   1  2  

4 vs 4 Defense
   Defense                  Defense                  Time % Phy DF OF 
 1 Roman Josi               Trevor Daley             55     1   2  2  
 2 Nick Schultz             Andy Greene              45     1   2  2  

Last Minutes Offensive
   Center                   Left Wing                Right Wing               Defense                  Defense                  
   Patrice Bergeron         Valtteri Filppula        Corey Perry              Roman Josi               Andy Greene              

Last Minutes Defensive
   Center                   Left Wing                Right Wing               Defense                  Defense                  
   Tomas Plekanec           Evander Kane             Corey Perry              Roman Josi               Andy Greene              

Goaltenders
Starting : Kari Lehtonen            
Backup : Anders Lindback          

Extra Forwards
Normal : Patrice Bergeron, Corey Perry, Tomas Plekanec - PP : Tomas Plekanec, Cody Eakin - PK : Antoine Vermette
Extra Defensemen
Normal : Roman Josi, Andy Greene, Trevor Daley - PP : Trevor Daley - PK : Roman Josi, Brian Lashoff
Penalty Shots
Patrice Bergeron, Eric Fehr, Corey Perry, Valtteri Filppula, Antoine Vermette

% Time on Ice - Flames

Lines # - Real PCT - Wanted PCT - Time Play
Normal Forward
1 - 27% - 32% - 12:13
2 - 30% - 28% - 13:35
3 - 24% - 24% - 10:44
4 - 19% - 16% - 8:39
Normal Defense
1 - 37% - 34% - 16:40
2 - 30% - 30% - 13:32
3 - 26% - 26% - 11:48
4 - 7% - 10% - 3:11
PP Forward
1 - 55% - 55% - 4:53
2 - 45% - 45% - 4:01
PP Defense
1 - 48% - 50% - 4:16
2 - 52% - 50% - 4:38
PK Forward
1 - 43% - 50% - 2:31
2 - 57% - 50% - 3:21
PK Defense
1 - 57% - 50% - 3:21
2 - 43% - 50% - 2:31
PK3 Forward
1 - 0% - 55%
2 - 0% - 45%
PK3 Defense
1 - 0% - 50%
2 - 0% - 50%
44 Forward
1 - 0% - 50% - 0:00
2 - 100% - 50% - 0:03
44 Defense
1 - 100% - 50% - 0:03
2 - 0% - 50% - 0:00
Last Minute Offensive  - 0:00
Last Minute Defensive  - 0:00
Total
Forward - 60:00
Defense - 60:00

% Time on Ice - Predators

Lines # - Real PCT - Wanted PCT - Time Play
Normal Forward
1 - 22% - 29% - 9:58
2 - 29% - 29% - 13:17
3 - 28% - 29% - 12:44
4 - 20% - 13% - 9:12
Normal Defense
1 - 46% - 33% - 20:54
2 - 25% - 33% - 11:09
3 - 20% - 24% - 9:12
4 - 9% - 10% - 3:56
PP Forward
1 - 56% - 60% - 3:18
2 - 44% - 40% - 2:34
PP Defense
1 - 50% - 65% - 2:57
2 - 50% - 35% - 2:55
PK Forward
1 - 46% - 50% - 4:02
2 - 54% - 50% - 4:39
PK Defense
1 - 46% - 50% - 4:02
2 - 54% - 50% - 4:39
PK3 Forward
1 - 0% - 50% - 0:00
2 - 100% - 50% - 0:13
PK3 Defense
1 - 100% - 50% - 0:13
2 - 0% - 50% - 0:00
44 Forward
1 - 100% - 50% - 0:03
2 - 0% - 50% - 0:00
44 Defense
1 - 100% - 55% - 0:03
2 - 0% - 45% - 0:00
Last Minute Offensive  - 0:00
Last Minute Defensive  - 0:00
Total
Forward - 60:00
Defense - 60:00

Play by Play

1st period


0:01 of 1st period - Patrice Bergeron wins face-off versus Jason Spezza in neutral zone.
0:38 of 1st period - Slapshot by Corey Perry.
0:38 of 1st period - Goal by Corey Perry - Flames : 0 - Predators : 1.
0:39 of 1st period - Jordan Staal wins face-off versus Tomas Plekanec in neutral zone.
0:54 of 1st period - Snap shot by Jordan Staal.
0:54 of 1st period - Shot Blocked by Andy Greene.
0:56 of 1st period - Slapshot by Jordan Staal.
0:56 of 1st period - Stopped by Kari Lehtonen without a rebound.
0:57 of 1st period - Jordan Staal wins face-off versus Tomas Plekanec in Predators zone.
1:36 of 1st period - Wrist shot by Antoine Vermette.
1:36 of 1st period - Deflect By Valtteri Filppula.
1:36 of 1st period - Shot Blocked by Dougie Hamilton.
1:36 of 1st period - Puck is out of play.
1:37 of 1st period - Antoine Vermette wins face-off versus Mikael Backlund in Flames zone.
2:05 of 1st period - Wrist shot by Antoine Vermette.
2:05 of 1st period - Shot Misses the Net.
2:27 of 1st period - Snap shot by Charlie Coyle.
2:27 of 1st period - Deflect By Casey Cizikas.
2:27 of 1st period - Stopped by Kari Lehtonen with a rebound.
2:33 of 1st period - Brian Lashoff is hit by Justin Faulk and loses puck.
2:48 of 1st period - Wrist shot by Casey Cizikas.
2:48 of 1st period - Shot Blocked by Patrice Bergeron.
2:50 of 1st period - Wrist shot by Casey Cizikas.
2:50 of 1st period - Shot Blocked by Roman Josi.
2:52 of 1st period - Snap shot by Casey Cizikas.
2:52 of 1st period - Shot Misses the Net.
2:54 of 1st period - Slapshot by Jacob Trouba.
2:54 of 1st period - Deflect By Roman Josi.
2:54 of 1st period - Stopped by Kari Lehtonen with a rebound.
2:56 of 1st period - Slapshot by Jacob Trouba.
2:56 of 1st period - Deflect By Manny Malhotra.
2:56 of 1st period - Stopped by Kari Lehtonen with a rebound.
3:02 of 1st period - Minor Penalty to Patrick Maroon for Hooking.
3:03 of 1st period - Tomas Plekanec wins face-off versus Jason Spezza in Predators zone.
4:15 of 1st period - Wrist shot by Antoine Vermette.
4:15 of 1st period - Shot Misses the Net.
4:40 of 1st period - Off-side.
4:41 of 1st period - Tomas Plekanec wins face-off versus Jason Spezza in neutral zone.
4:48 of 1st period - Wrist shot by Cody Eakin.
4:48 of 1st period - Shot Misses the Net.
4:50 of 1st period - Slapshot by Trevor Daley.
4:50 of 1st period - Stopped by Mike Smith with a rebound.
4:52 of 1st period - Slapshot by Roman Josi.
4:52 of 1st period - Shot Misses the Net.
4:58 of 1st period - Minor Penalty to Jacob Trouba for High sticking.
4:59 of 1st period - Patrice Bergeron wins face-off versus Jordan Staal in Flames zone.
5:02 of 1st period - Penalty to Patrick Maroon is over, Patrick Maroon is back on ice.
5:48 of 1st period - Justin Faulk is hit by Patrice Bergeron and loses puck.
6:28 of 1st period - Jamie McGinn is hit by Corey Perry and loses puck.
6:58 of 1st period - Penalty to Jacob Trouba is over, Jacob Trouba is back on ice.
7:03 of 1st period - Valtteri Filppula is hit by Jacob Trouba and loses puck.
7:17 of 1st period - Mikael Backlund is hit by Ed Jovanovski and loses puck.
8:22 of 1st period - Snap shot by Patrice Bergeron.
8:22 of 1st period - Shot Blocked by Justin Faulk.
8:24 of 1st period - Wrist shot by Patrice Bergeron.
8:24 of 1st period - Shot Blocked by Jacob Trouba.
8:24 of 1st period - Jacob Trouba from Flames is injured at 8:24 of 1st period (Sprained Left Finger).
8:25 of 1st period - Patrice Bergeron wins face-off versus Jason Spezza in Flames zone.
8:26 of 1st period - Snap shot by Corey Perry.
8:26 of 1st period - Shot Blocked by Jason Spezza.
8:42 of 1st period - Wrist shot by Jason Pominville.
8:42 of 1st period - Stopped by Kari Lehtonen with a rebound.
8:44 of 1st period - Slapshot by Justin Faulk.
8:44 of 1st period - Stopped by Kari Lehtonen without a rebound.
8:45 of 1st period - Patrice Bergeron wins face-off versus Jason Pominville in Predators zone.
9:08 of 1st period - Wrist shot by Corey Perry.
9:08 of 1st period - Shot Misses the Net.
9:27 of 1st period - Major / Game Misconduct Penalty to Trevor Daley for Unsportsmanlike conduct.
9:27 of 1st period - Trevor Daley is ejected from game.
9:28 of 1st period - Jordan Staal wins face-off versus Antoine Vermette in Predators zone.
10:55 of 1st period - Cody Eakin is hit by Dougie Hamilton and loses puck.
11:12 of 1st period - Snap shot by Jason Pominville.
11:12 of 1st period - Stopped by Kari Lehtonen without a rebound.
11:13 of 1st period - Jason Spezza wins face-off versus Tomas Plekanec in Predators zone.
11:39 of 1st period - Off-side.
11:40 of 1st period - Antoine Vermette wins face-off versus Jordan Staal in neutral zone.
12:07 of 1st period - Wrist shot by Cody Eakin.
12:07 of 1st period - Shot Misses the Net.
12:09 of 1st period - Snap shot by Tomas Plekanec.
12:09 of 1st period - Shot Misses the Net.
12:28 of 1st period - Evander Kane is hit by Matt Irwin and loses puck.
12:34 of 1st period - Minor Penalty to Antoine Vermette for Holding.
12:35 of 1st period - Jason Spezza wins face-off versus Cody Eakin in Predators zone.
12:47 of 1st period - Snap shot by Jason Pominville.
12:47 of 1st period - Goal by Jason Pominville - Flames : 1 - Predators : 1.
12:48 of 1st period - Antoine Vermette wins face-off versus Jason Spezza in neutral zone.
13:36 of 1st period - Wrist shot by Andrew Cogliano.
13:36 of 1st period - Shot Blocked by Nick Schultz.
13:38 of 1st period - Snap shot by Tomas Fleischmann.
13:38 of 1st period - Shot Misses the Net.
14:08 of 1st period - Snap shot by Alex Tanguay.
14:08 of 1st period - Stopped by Kari Lehtonen without a rebound.
14:09 of 1st period - Jason Spezza wins face-off versus Tomas Plekanec in Predators zone.
14:27 of 1st period - Penalty to Trevor Daley is over, Corey Perry is send on ice.
16:31 of 1st period - Snap shot by Jamie McGinn.
16:31 of 1st period - Stopped by Kari Lehtonen with a rebound.
16:33 of 1st period - Slapshot by TJ Brodie.
16:33 of 1st period - Stopped by Kari Lehtonen with a rebound.
17:12 of 1st period - Wrist shot by Andrew Cogliano.
17:12 of 1st period - Stopped by Kari Lehtonen with a rebound.
17:14 of 1st period - Slapshot by Luca Sbisa.
17:14 of 1st period - Deflect By Jordan Staal.
17:14 of 1st period - Stopped by Kari Lehtonen with a rebound.
17:16 of 1st period - Slapshot by TJ Brodie.
17:16 of 1st period - Stopped by Kari Lehtonen without a rebound.
17:17 of 1st period - Casey Cizikas wins face-off versus Antoine Vermette in Predators zone.
17:33 of 1st period - Off-side.
17:34 of 1st period - Antoine Vermette wins face-off versus Casey Cizikas in neutral zone.
18:16 of 1st period - Slapshot by Jason Spezza.
18:16 of 1st period - Shot Misses the Net.
18:18 of 1st period - Slapshot by Matt Irwin.
18:18 of 1st period - Shot Blocked by Antoine Vermette.
18:52 of 1st period - Slapshot by Tomas Fleischmann.
18:52 of 1st period - Deflect By Jordan Staal.
18:52 of 1st period - Shot Blocked by Andy Greene.
18:52 of 1st period - Puck is out of play.
18:53 of 1st period - Patrice Bergeron wins face-off versus Jordan Staal in Predators zone.
19:02 of 1st period - Wrist shot by Corey Perry.
19:02 of 1st period - Stopped by Mike Smith without a rebound.
19:03 of 1st period - Patrice Bergeron wins face-off versus Jamie McGinn in Flames zone.
19:12 of 1st period - Wrist shot by Patrice Bergeron.
19:12 of 1st period - Goal by Patrice Bergeron - Flames : 1 - Predators : 2.
19:13 of 1st period - Tomas Plekanec wins face-off versus Alex Tanguay in neutral zone.
Goals for this period are 1 for Flames vs 2 for Predators.
Shots for this period are 14 for Flames vs 4 for Predators.

2nd period


0:01 of 2nd period - Jason Spezza wins face-off versus Antoine Vermette in neutral zone.
0:18 of 2nd period - Wrist shot by Jason Pominville.
0:18 of 2nd period - Stopped by Kari Lehtonen with a rebound.
0:20 of 2nd period - Slapshot by Alex Tanguay.
0:20 of 2nd period - Shot Misses the Net.
0:22 of 2nd period - Wrist shot by Alex Tanguay.
0:22 of 2nd period - Stopped by Kari Lehtonen without a rebound.
0:23 of 2nd period - Patrice Bergeron wins face-off versus Mikael Backlund in Predators zone.
0:30 of 2nd period - Wrist shot by Corey Perry.
0:30 of 2nd period - Stopped by Mike Smith without a rebound.
0:31 of 2nd period - Mikael Backlund wins face-off versus Patrice Bergeron in Flames zone.
2:15 of 2nd period - Wrist shot by Cody Eakin.
2:15 of 2nd period - Stopped by Mike Smith without a rebound.
2:16 of 2nd period - Patrice Bergeron wins face-off versus Jordan Staal in Flames zone.
2:39 of 2nd period - Dougie Hamilton is hit by Patrick Maroon and loses puck.
3:04 of 2nd period - Slapshot by Eric Fehr.
3:04 of 2nd period - Shot Blocked by Jordan Staal.
3:06 of 2nd period - Snap shot by Cody Eakin.
3:06 of 2nd period - Stopped by Mike Smith with a rebound.
3:08 of 2nd period - Slapshot by Brian Lashoff.
3:08 of 2nd period - Deflect By Cody Eakin.
3:08 of 2nd period - Shot Misses the Net.
3:08 of 2nd period - Puck is out of play.
3:09 of 2nd period - Casey Cizikas wins face-off versus Cody Eakin in Flames zone.
3:09 of 2nd period - Casey Cizikas is hit by Tomas Plekanec.
3:48 of 2nd period - Icing by Tomas Plekanec.
3:49 of 2nd period - Jason Pominville wins face-off versus Tomas Plekanec in Predators zone.
5:07 of 2nd period - Slapshot by Michael Frolik.
5:07 of 2nd period - Deflect By Mikael Backlund.
5:07 of 2nd period - Shot Misses the Net.
5:07 of 2nd period - Puck is out of play.
5:08 of 2nd period - Jordan Staal wins face-off versus Patrice Bergeron in Predators zone.
5:37 of 2nd period - Snap shot by Andrew Cogliano.
5:37 of 2nd period - Stopped by Kari Lehtonen with a rebound.
5:39 of 2nd period - Wrist shot by Andrew Cogliano.
5:39 of 2nd period - Stopped by Kari Lehtonen with a rebound.
6:31 of 2nd period - Andy Greene is hit by Charlie Coyle and loses puck.
6:56 of 2nd period - Slapshot by Jason Spezza.
6:56 of 2nd period - Shot Misses the Net.
7:04 of 2nd period - Slapshot by Jason Pominville.
7:04 of 2nd period - Shot Blocked by Cody Eakin.
7:45 of 2nd period - Antoine Vermette is hit by Michael Frolik and loses puck.
8:19 of 2nd period - Jordan Staal is hit by Corey Perry and loses puck.
8:58 of 2nd period - Charlie Coyle is hit by Patrick Maroon and loses puck.
9:09 of 2nd period - Ed Jovanovski is hit by Charlie Coyle.
9:19 of 2nd period - Snap shot by Valtteri Filppula.
9:19 of 2nd period - Stopped by Mike Smith with a rebound.
9:21 of 2nd period - Wrist shot by Valtteri Filppula.
9:21 of 2nd period - Shot Hit the Post.
9:43 of 2nd period - Slapshot by Nick Schultz.
9:43 of 2nd period - Shot Hit the Post.
9:55 of 2nd period - Slapshot by Patrice Bergeron.
9:55 of 2nd period - Deflect By Patrick Maroon.
9:55 of 2nd period - Shot Misses the Net.
9:55 of 2nd period - Puck is out of play.
9:56 of 2nd period - Patrice Bergeron wins face-off versus Jason Spezza in Flames zone.
9:59 of 2nd period - Snap shot by Patrick Maroon.
9:59 of 2nd period - Stopped by Mike Smith with a rebound.
10:26 of 2nd period - Wrist shot by Cody Eakin.
10:26 of 2nd period - Shot Blocked by Dougie Hamilton.
10:28 of 2nd period - Slapshot by Andy Greene.
10:28 of 2nd period - Stopped by Mike Smith without a rebound.
10:29 of 2nd period - Mikael Backlund wins face-off versus Tomas Plekanec in Flames zone.
10:43 of 2nd period - Snap shot by Antoine Vermette.
10:43 of 2nd period - Shot Misses the Net.
10:57 of 2nd period - Slapshot by Antoine Vermette.
10:57 of 2nd period - Stopped by Mike Smith with a rebound.
11:35 of 2nd period - Snap shot by Roman Josi.
11:35 of 2nd period - Shot Blocked by Justin Faulk.
11:49 of 2nd period - Ben Smith is hit by Tomas Fleischmann and loses puck.
12:04 of 2nd period - Snap shot by Tomas Fleischmann.
12:04 of 2nd period - Stopped by Kari Lehtonen with a rebound.
12:06 of 2nd period - Slapshot by Tomas Fleischmann.
12:06 of 2nd period - Stopped by Kari Lehtonen without a rebound.
12:07 of 2nd period - Eric Fehr wins face-off versus Jason Spezza in Predators zone.
12:07 of 2nd period - Eric Fehr is hit by Alex Tanguay.
12:15 of 2nd period - Wrist shot by Cody Eakin.
12:15 of 2nd period - Stopped by Mike Smith with a rebound.
12:29 of 2nd period - Eric Fehr is hit by TJ Brodie and loses puck.
12:36 of 2nd period - Wrist shot by Jason Pominville.
12:36 of 2nd period - Stopped by Kari Lehtonen with a rebound.
13:03 of 2nd period - Manny Malhotra is hit by Roman Josi and loses puck.
13:20 of 2nd period - Backhand shot by Antoine Vermette.
13:20 of 2nd period - Stopped by Mike Smith without a rebound.
13:21 of 2nd period - Patrice Bergeron wins face-off versus Jordan Staal in Flames zone.
14:13 of 2nd period - Snap shot by Valtteri Filppula.
14:13 of 2nd period - Shot Misses the Net.
14:15 of 2nd period - Snap shot by Valtteri Filppula.
14:15 of 2nd period - Shot Blocked by Dougie Hamilton.
14:36 of 2nd period - Off-side.
14:37 of 2nd period - Tomas Plekanec wins face-off versus Jason Spezza in neutral zone.
14:57 of 2nd period - Slapshot by Jason Spezza.
14:57 of 2nd period - Stopped by Kari Lehtonen with a rebound.
14:59 of 2nd period - Wrist shot by Jason Spezza.
14:59 of 2nd period - Stopped by Kari Lehtonen without a rebound.
15:00 of 2nd period - Antoine Vermette wins face-off versus Jamie McGinn in Predators zone.
15:07 of 2nd period - Jamie McGinn is hit by Antoine Vermette and loses puck.
15:26 of 2nd period - Snap shot by Antoine Vermette.
15:26 of 2nd period - Goal by Antoine Vermette - Flames : 1 - Predators : 3.
15:27 of 2nd period - Jason Spezza wins face-off versus Patrice Bergeron in neutral zone.
15:42 of 2nd period - Andy Greene is hit by Justin Faulk and loses puck.
17:08 of 2nd period - Slapshot by Mikael Backlund.
17:08 of 2nd period - Stopped by Kari Lehtonen with a rebound.
17:57 of 2nd period - Off-side.
17:58 of 2nd period - Patrice Bergeron wins face-off versus Jason Pominville in neutral zone.
19:13 of 2nd period - Snap shot by Cody Eakin.
19:13 of 2nd period - Stopped by Mike Smith with a rebound.
19:15 of 2nd period - Slapshot by Eric Fehr.
19:15 of 2nd period - Deflect By Jordan Staal.
19:15 of 2nd period - Stopped by Mike Smith with a rebound.
19:17 of 2nd period - Wrist shot by Cody Eakin.
19:17 of 2nd period - Shot Misses the Net.
19:19 of 2nd period - Slapshot by Roman Josi.
19:19 of 2nd period - Stopped by Mike Smith with a rebound.
19:39 of 2nd period - Luca Sbisa is hit by Ed Jovanovski and loses puck.
Goals for this period are 0 for Flames vs 1 for Predators.
Shots for this period are 10 for Flames vs 13 for Predators.

3rd period


0:01 of 3rd period - Patrice Bergeron wins face-off versus Jason Pominville in neutral zone.
0:26 of 3rd period - Backhand shot by Jason Pominville.
0:26 of 3rd period - Deflect By Jason Spezza.
0:26 of 3rd period - Stopped by Kari Lehtonen without a rebound.
0:27 of 3rd period - Antoine Vermette wins face-off versus Jordan Staal in Predators zone.
0:38 of 3rd period - Luca Sbisa is hit by Damien Brunner and loses puck.
2:01 of 3rd period - Slapshot by Jason Pominville.
2:01 of 3rd period - Shot Misses the Net.
2:03 of 3rd period - Snap shot by Jason Spezza.
2:03 of 3rd period - Stopped by Kari Lehtonen without a rebound.
2:04 of 3rd period - Patrice Bergeron wins face-off versus Mikael Backlund in Predators zone.
3:12 of 3rd period - Snap shot by Antoine Vermette.
3:12 of 3rd period - Stopped by Mike Smith with a rebound.
3:49 of 3rd period - Alex Tanguay is hit by Roman Josi and loses puck.
4:59 of 3rd period - Icing by Mikael Backlund.
5:00 of 3rd period - Patrice Bergeron wins face-off versus Mikael Backlund in Flames zone.
5:13 of 3rd period - Backhand shot by Roman Josi.
5:13 of 3rd period - Shot Misses the Net.
5:19 of 3rd period - Roman Josi is hit by Dougie Hamilton.
5:34 of 3rd period - Minor Penalty to Andy Greene for Goalie Interference.
5:35 of 3rd period - Jason Spezza wins face-off versus Tomas Plekanec in Predators zone.
5:36 of 3rd period - Slapshot by Jason Pominville.
5:36 of 3rd period - Stopped by Kari Lehtonen with a rebound.
5:38 of 3rd period - Wrist shot by Jason Pominville.
5:38 of 3rd period - Deflect By Alex Tanguay.
5:38 of 3rd period - Shot Blocked by Brian Lashoff.
5:38 of 3rd period - Puck is out of play.
5:39 of 3rd period - Jason Spezza wins face-off versus Tomas Plekanec in Predators zone.
6:01 of 3rd period - Off-side.
6:02 of 3rd period - Antoine Vermette wins face-off versus Jordan Staal in neutral zone.
6:57 of 3rd period - Cody Eakin is hit by Jason Spezza and loses puck.
7:34 of 3rd period - Penalty to Andy Greene is over, Andy Greene is back on ice.
7:36 of 3rd period - Nick Schultz is hit by Matt Irwin and loses puck.
8:45 of 3rd period - Snap shot by Valtteri Filppula.
8:45 of 3rd period - Stopped by Mike Smith with a rebound.
9:04 of 3rd period - Minor Penalty to Charlie Coyle for Holding Stick.
9:05 of 3rd period - Manny Malhotra wins face-off versus Evander Kane in Flames zone.
9:56 of 3rd period - TJ Brodie is hit by Andy Greene.
10:45 of 3rd period - Snap shot by Antoine Vermette.
10:45 of 3rd period - Goal by Antoine Vermette - Flames : 1 - Predators : 4.
10:46 of 3rd period - Jason Spezza wins face-off versus Tomas Plekanec in neutral zone.
11:16 of 3rd period - Wrist shot by Alex Tanguay.
11:16 of 3rd period - Shot Blocked by Roman Josi.
11:18 of 3rd period - Snap shot by Jason Spezza.
11:18 of 3rd period - Stopped by Kari Lehtonen with a rebound.
11:20 of 3rd period - Slapshot by TJ Brodie.
11:20 of 3rd period - Shot Blocked by Roman Josi.
11:22 of 3rd period - Slapshot by TJ Brodie.
11:22 of 3rd period - Stopped by Kari Lehtonen without a rebound.
11:23 of 3rd period - Patrice Bergeron wins face-off versus Jordan Staal in Predators zone.
11:40 of 3rd period - Backhand shot by Corey Perry.
11:40 of 3rd period - Shot Misses the Net.
11:42 of 3rd period - Snap shot by Ed Jovanovski.
11:42 of 3rd period - Stopped by Mike Smith with a rebound.
11:44 of 3rd period - Slapshot by Ed Jovanovski.
11:44 of 3rd period - Shot Blocked by Justin Faulk.
11:46 of 3rd period - Backhand shot by Brian Lashoff.
11:46 of 3rd period - Stopped by Mike Smith without a rebound.
11:47 of 3rd period - Antoine Vermette wins face-off versus Mikael Backlund in Flames zone.
12:23 of 3rd period - Mikael Backlund is hit by Andy Greene and loses puck.
13:05 of 3rd period - Matt Irwin is hit by Cody Eakin and loses puck.
14:36 of 3rd period - Andy Greene is hit by Justin Faulk and loses puck.
14:55 of 3rd period - Minor Penalty to Jamie McGinn for Goalie Interference.
14:56 of 3rd period - Mikael Backlund wins face-off versus Antoine Vermette in Flames zone.
15:36 of 3rd period - Evander Kane is hit by Luca Sbisa and loses puck.
16:07 of 3rd period - Snap shot by Corey Perry.
16:07 of 3rd period - Deflect By Antoine Vermette.
16:07 of 3rd period - Stopped by Mike Smith with a rebound.
16:09 of 3rd period - Backhand shot by Valtteri Filppula.
16:09 of 3rd period - Shot Misses the Net.
16:11 of 3rd period - Wrist shot by Corey Perry.
16:11 of 3rd period - Shot Misses the Net.
16:13 of 3rd period - Slapshot by Nick Schultz.
16:13 of 3rd period - Shot Misses the Net.
16:15 of 3rd period - Slapshot by Brian Lashoff.
16:15 of 3rd period - Stopped by Mike Smith without a rebound.
16:16 of 3rd period - Manny Malhotra wins face-off versus Antoine Vermette in Flames zone.
16:55 of 3rd period - Penalty to Jamie McGinn is over, Jamie McGinn is back on ice.
17:38 of 3rd period - Snap shot by Tomas Plekanec.
17:38 of 3rd period - Stopped by Mike Smith with a rebound.
17:40 of 3rd period - Wrist shot by Cody Eakin.
17:40 of 3rd period - Stopped by Mike Smith with a rebound.
17:42 of 3rd period - Slapshot by Roman Josi.
17:42 of 3rd period - Shot Misses the Net.
17:54 of 3rd period - Snap shot by Patrick Maroon.
17:54 of 3rd period - Stopped by Mike Smith with a rebound.
17:56 of 3rd period - Slapshot by Roman Josi.
17:56 of 3rd period - Deflect By Patrice Bergeron.
17:56 of 3rd period - Shot Misses the Net.
17:56 of 3rd period - Puck is out of play.
17:57 of 3rd period - Jordan Staal wins face-off versus Patrick Maroon in Flames zone.
17:57 of 3rd period - Jordan Staal is hit by Patrick Maroon.
18:05 of 3rd period - Snap shot by Jordan Staal.
18:05 of 3rd period - Shot Misses the Net.
18:32 of 3rd period - Matt Irwin is hit by Valtteri Filppula and loses puck.
18:55 of 3rd period - Casey Cizikas is hit by Nick Schultz and loses puck.
19:07 of 3rd period - Icing by TJ Brodie.
19:08 of 3rd period - Patrice Bergeron wins face-off versus Manny Malhotra in Flames zone.
19:43 of 3rd period - Minor Penalty to Charlie Coyle for Roughing.
19:44 of 3rd period - Antoine Vermette wins face-off versus Manny Malhotra in Flames zone.
Goals for this period are 0 for Flames vs 1 for Predators.
Shots for this period are 5 for Flames vs 10 for Predators.


Output by the SimonT Hockey Simulator (STHS) for Eric Dolegowski -- Original Page W3C XHTML 1.0 Valid
Hockey Simulator - Hockey Simulation - Hockey Manager